 Dungeon Crawl Stone Soup version 0.29.1-1-gd02db6906a (webtiles) character file.

Game seed: 9136173998041058190

88 JohnEldenRing the Trooper (level 4, 0/46 HPs)
             Began as a Gargoyle Berserker on Sept 18, 2022.
             Was a Believer of Trog.
             Slain by a water moccasin (6 damage)
             ... on level 5 of the Dungeon.
             The game lasted 00:04:16 (1208 turns).

JohnEldenRing the Trooper (Gargoyle Berserker)      Turns: 1208, Time: 00:04:17

Health: 0/46       AC: 12    Str: 29    XL:     4   Next: 54%
Magic:  13/13      EV:  9    Int:  7    God:    Trog [**....]
Gold:   51         SH:  0    Dex:  9    Spells: 3/3 levels left

rFire   . . .      SeeInvis .   f - +0 flail
rCold   . . .      Faith    .   (no shield)
rNeg    + . .      Spirit   .   e - +0 chain mail
rPois   ∞          Reflect  .   (no helmet)
rElec   +          Harm     .   (no cloak)
rCorr   .          Rampage  .   (no gloves)
Will    .....                   (no boots)
Stlth   ..........              (no amulet)
HPRegen 0.15/turn               a - ring of magical power
MPRegen 0.13/turn               k - +6 ring of strength

@: berserking (expiring), very quick
A: sickness immunity, AC +3, negative energy resistance 1, electricity
resistance, torment resistance 1, petrification resistance
a: Renounce Religion, Berserk, Trog's Hand


You were on level 5 of the Dungeon.
You worshipped Trog.
Trog was pleased with you.
You visited 1 branch of the dungeon, and saw 5 of its levels.

You collected 51 gold pieces.

Inventory:

Hand Weapons
 f - a +0 flail (weapon)
Armour
 e - a +0 chain mail (worn)
Jewellery
 a - a ring of magical power (left hand)
 k - a +6 ring of strength (right hand)
Scrolls
 b - a scroll of amnesia {unknown}
 d - a scroll of fear {unknown}
 i - a scroll of identify {unknown}
 l - a scroll of magic mapping {unknown}
Potions
 c - a potion of mutation {unknown}
 g - 2 potions of haste {unknown}
 h - a potion of curing {unknown}
 j - a potion of flight {unknown}


   Skills:
 * Level 5.5 Fighting
 - Level 3.0 Maces & Flails
 - Level 2.1 Armour
 - Level 1.5 Dodging
 + Level 0.9 Stealth


You had 3 spell levels left.
You didn't know any spells.
Your spell library was empty.

Dungeon Overview and Level Annotations

Branches:
Dungeon (5/15)
 Temple: D:4-7

Altars:
Trog


Innate Abilities, Weirdness & Mutations

You are immune to sickness and miasma.
Your stone body is resilient. (AC +3)
You are immune to poison.
You resist negative energy. (rN+)
You are resistant to electric shocks. (rElec)
You are resistant to unholy torment.
You are immune to petrification.


Message History

The water moccasin bites you. The hound bites you but does no damage.
You miss the hound.
The water moccasin bites you but does no damage.
The hound bites you but does no damage. The water moccasin closely misses you.
You closely miss the hound. The water moccasin barely misses you.
The hound bites you but does no damage. The water moccasin barely misses you.
You barely miss the hound. The water moccasin bites you.
The hound bites you but does no damage.
The water moccasin bites you but does no damage.
The water moccasin barely misses you.
You sock the hound!
The hound is severely wounded.
The hound bites you but does no damage. The water moccasin closely misses you.
The water moccasin bites you. The hound closely misses you.
The water moccasin bites you but does no damage.
You bludgeon the hound!!
You kill the hound!
Trog accepts your kill. The water moccasin barely misses you.
The water moccasin bites you but does no damage.
You barely miss the water moccasin.
The water moccasin bites you but does no damage.
The adder bites you but does no damage. The water moccasin bites you.
* * * LOW HITPOINT WARNING * * *
The water moccasin bites you.
* * * LOW HITPOINT WARNING * * *
You barely miss the water moccasin. The adder barely misses you.
The water moccasin bites you but does no damage. x2
You miss the water moccasin. The adder bites you but does no damage.
The water moccasin bites you but does no damage. x2
You thump the water moccasin!
The water moccasin is moderately wounded.
The water moccasin bites you but does no damage.
The adder bites you but does no damage.
The water moccasin bites you but does no damage.
The water moccasin barely misses you. The adder bites you but does no damage.
You barely miss the water moccasin.
The water moccasin is moderately wounded.
The water moccasin bites you.
You die...

. .. ...
..######
#+#.....
#....SS# #@# #
## #S# #.#
##..###.# ..
........##.####
............??.
#...###<...####
#.# ###### .


You could see 2 water moccasins and an adder.

Vanquished Creatures
  A hound (D:5)
  An ufetubus (D:4)
  A worm (D:5)
  A dart slug (D:1)
  An orc (D:5)
  4 ball pythons (D:1)
  3 endoplasms (D:1)
  3 giant cockroaches
  7 goblins
  5 hobgoblins (D:1)
  4 jackals
  2 quokkas (D:1)
  3 bats
  A frilled lizard (D:1)
  A kobold (D:4)
  4 rats
42 creatures vanquished.

Notes
Turn   | Place    | Note
-------+----------+-------------------------------------------
     0 | D:1      | JohnEldenRing the Gargoyle Berserker began the quest for
                  | the Orb.
     0 | D:1      | Reached XP level 1. HP: 14/14 MP: 1/1
   379 | D:1      | Reached XP level 2. HP: 20/20 MP: 2/2
   411 | D:1      | Reached skill level 4 in Fighting
   805 | D:1      | Reached XP level 3. HP: 24/24 MP: 3/3
   938 | D:1      | Reached ** piety under Trog
   958 | D:2      | Found a bloodstained altar of Trog.
  1094 | D:3      | Found a faded altar of an unknown god.
  1127 | D:4      | Reached skill level 5 in Fighting
  1185 | D:5      | Entered Level 5 of the Dungeon
  1193 | D:5      | Reached XP level 4. HP: 20/31 MP: 4/4
  1193 | D:5      | Noticed a water moccasin
  1194 | D:5      | Noticed a water moccasin
  1208 | D:5      | Slain by a water moccasin

Illustrated notes

Levels and vault maps discovered:
D:1:      pf_arrival_petrified_forest, layout_rooms
D:2:      layout_basic, basic_altar
D:3:      layout_basic, basic_ecumenical_altar, hangedman_decor_push,
          minivault_4
D:4:      layout_gridville, nicolae_ru_sacrificial_ziggurat,
          nicolae_wooded_promenade, chequers_mini_garden, nicolae_wormholes
D:5:      cheibrodos_thug_alley, layout_basic, kennysheep_mini,
          gup_sewer_entry_glass, eino_small_chamber_without_monster, uniq_edmund

Skill      XL: |  1  2  3 |
---------------+----------+-----
Fighting       | 4 5 |  5.5
Maces & Flails | |  3.0
Armour         | |  2.1
Dodging        | |  1.5
Stealth        | |  0.9

Action                   |  1- 3 |  4- 6 || total
-------------------------+-------+-------++-------
Melee: Mace              |     5 |       ||     5
       Flail             |   100 |    14 ||   114
       Punch             |     2 |       ||     2
Invok: Berserk           |     2 |     1 ||     3
Armor: Leather armour    |     6 |       ||     6
       Animal skin       |     1 |       ||     1
       Chain mail        |    99 |    25 ||   124
Dodge: Dodged            |    85 |    12 ||    97
